 Dungeon Crawl Stone Soup version 0.26.1-11-gd32895ea62 (webtiles) character file.

Game seed: 18174276119373575213

2 Almogavar the Fighter (level 1, -1/26 HPs)
             Began as a Gnoll Wanderer on May 6, 2021.
             Slain by a kobold
             ... wielding a cursed -1 whip
              (3 damage)
             ... on level 1 of the Dungeon.
             The game lasted 00:00:28 (41 turns).

Almogavar the Fighter (Gnoll Wanderer)                Turns: 41, Time: 00:00:28

Health: -1/26      AC:  2    Str: 11    XL:     1   Next: 40%
Magic:  1/1        EV: 14    Int: 16    God:
Gold:   0          SH:  0    Dex: 15    Spells: 0/0 levels left

rFire    . . .     SeeInvis .   a - +0 dagger
rCold    . . .     Faith    .   (no shield)
rNeg     . . .     Spirit   .   e - +0 robe
rPois    .         Reflect  .   (no helmet)
rElec    .         Harm     .   (no cloak)
rCorr    .         Rampage  .   (no gloves)
Will     .....                  (no boots)
Stlth    ++........             (no amulet)
HPRegen  0.08/turn              (no ring)
MPRegen  0.07/turn              (no ring)

@: no status effects
A: distributed training, fangs 1, strong nose
a: no special abilities


You were on level 1 of the Dungeon.
You visited 1 branch of the dungeon, and saw 1 of its levels.

Inventory:

Hand Weapons
 a - a +0 dagger (weapon)
Armour
 e - a +0 robe (worn)
Scrolls
 b - a scroll of fear
 d - a scroll of teleportation
 h - a scroll of immolation {unknown}
Potions
 c - a potion of lignification
 f - a potion of berserk rage
 g - a potion of degeneration {unknown}


   Skills:
 + Level 8.4 Fighting
 + Level 0.0 Short Blades
 + Level 0.0 Long Blades
 + Level 0.0 Axes
 + Level 0.0 Maces & Flails
 + Level 0.0 Polearms
 + Level 2.3 Staves
 + Level 0.0 Slings
 + Level 0.0 Bows
 + Level 0.0 Crossbows
 + Level 0.0 Throwing
 + Level 0.0 Armour
 + Level 4.4 Dodging
 + Level 2.1 Stealth
 + Level 2.3 Shields
 + Level 2.3 Unarmed Combat
 + Level 0.0 Spellcasting
 + Level 0.0 Conjurations
 + Level 0.0 Hexes
 + Level 0.0 Summonings
 + Level 0.0 Necromancy
 + Level 0.0 Translocations
 + Level 0.0 Transmutations
 + Level 0.0 Fire Magic
 + Level 0.0 Ice Magic
 + Level 0.0 Air Magic
 + Level 0.0 Earth Magic
 + Level 0.0 Poison Magic
 + Level 0.1 Invocations
 + Level 0.0 Evocations


You couldn't memorise any spells.
You didn't know any spells.
Your spell library was empty.

Dungeon Overview and Level Annotations

Branches:
Dungeon (1/15)

Altars:


Innate Abilities, Weirdness & Mutations

Your experience applies equally to all skills.
You have very sharp teeth.
Your uncanny sense of smell can sniff out nearby items.


Message History

* * * LOW HITPOINT WARNING * * *
The kobold closely misses you.
You hit the kobold but do no damage.
The kobold is severely wounded.
The kobold hits you with a cursed -1 whip.
* * * LOW HITPOINT WARNING * * *
The leopard gecko bites you.
* * * LOW HITPOINT WARNING * * *
The kobold hits you with a +0 whip.
* * * LOW HITPOINT WARNING * * *
The kobold hits you but does no damage.
You hit the kobold.
You kill the kobold!
The leopard gecko misses you. The kobold completely misses you.
The kobold misses you.
The leopard gecko bites you but does no damage.
Unknown command.
The leopard gecko closely misses you.
The kobold hits you with a cursed -1 whip.
You die...

........#
........#####+##
.......=.........
.................
....................
.................##
............)l.!..#
#...........K@....#.
......####..K........ ..
............((....... ..
#...........#........
..##.........#..(......#
.........##............#
.........##.......)....#
..................[....#
.......................


You could see a leopard gecko and 2 kobolds.

Vanquished Creatures
  A hobgoblin (D:1)
  A kobold (D:1)
2 creatures vanquished.

Notes
Turn   | Place    | Note
-------+----------+-------------------------------------------
     0 | D:1      | Almogavar the Gnoll Wanderer began the quest for the Orb.
     0 | D:1      | Almogavar set off with the following items: a +0 dagger, a
                  | scroll of fear, a potion of lignification, a scroll of
                  | teleportation, a +0 robe, a potion of berserk rage
     0 | D:1      | Reached XP level 1. HP: 26/26 MP: 1/1
    41 | D:1      | Slain by a kobold

Illustrated notes

Levels and vault maps discovered:
D:1:      dpeg_arrival_stonehenge_8_columns, layout_basic, minmay_surrounded

Action                   || total
-------------------------++-------
Melee: Dagger            ||    17
       Punch             ||     1
       Bite              ||     1
Armor: Robe              ||     4
Dodge: Dodged            ||    21
